 Dungeon Crawl Stone Soup version 0.28-a0-429-g1448048969 (webtiles) character file.

Game seed: 966738178996793638

1447 rogsnak the Conjurer (level 8, -5/59 HPs)
             Began as a Purple Draconian Fire Elementalist on Sept 11, 2021.
             Slain by a two-headed ogre (17 damage)
             ... on level 6 of the Dungeon.
             The game lasted 00:09:48 (6263 turns).

rogsnak the Conjurer (DrFE)                         Turns: 6263, Time: 00:09:49

Health: -5/59      AC:  6    Str: 10    XL:     8   Next: 46%
Magic:  9/17       EV: 12    Int: 19    God:
Gold:   208        SH:  0    Dex: 11    Spells: 13/20 levels left

rFire   . . .      SeeInvis .   o - +2 dagger (elec)
rCold   . . .      Faith    .   (no shield)
rNeg    . . .      Spirit   .   (armour unavailable)
rPois   .          Reflect  .   (helmet restricted)
rElec   .          Harm     .   (no cloak)
rCorr   .          Rampage  .   (no gloves)
Will    ++...                   (no boots)
Stlth   ++........              (no amulet)
HPRegen 0.19/turn               v - ring of willpower
MPRegen 0.15/turn               (no ring)

@: no status effects
A: breathe power, AC +6, unfitting armour, cold-blooded
a: Breathe Dispelling Energy


You were on level 6 of the Dungeon.
You visited 1 branch of the dungeon, and saw 6 of its levels.

You collected 208 gold pieces.

Inventory:

Hand Weapons
 a - a +0 dagger
 f - a +1 dagger of venom
 o - a +2 dagger of electrocution (weapon)
Missiles
 b - 14 sling bullets
 g - 107 stones
 t - 17 arrows
Armour
 e - a +0 pair of gloves
Jewellery
 v - a ring of willpower (left hand)
Wands
 s - a wand of flame (22)
Scrolls
 c - 2 scrolls of blinking {unknown}
 h - 4 scrolls of amnesia {unknown}
 j - 3 scrolls of identify {unknown}
 k - a scroll of summoning {unknown}
 r - a scroll of fog {unknown}
 y - a scroll of teleportation {unknown}
 z - a scroll of enchant weapon {unknown}
 A - a scroll of enchant armour {unknown}
 B - a scroll of immolation {unknown}
Potions
 d - 3 potions of curing {unknown}
 i - a potion of haste {unknown}
 l - 2 potions of attraction {unknown}
 m - 4 potions of flight {unknown}
 n - a potion of might {unknown}
 p - 2 potions of brilliance {unknown}
 q - 2 potions of cancellation {unknown}
 u - 2 potions of berserk rage {unknown}
 w - a potion of experience {unknown}
 x - 2 potions of mutation {unknown}


   Skills:
 + Level 1.2 Fighting
 + Level 2.7 Dodging
 - Level 1.7 Stealth
 + Level 6.5 Spellcasting
 * Level 6.6 Conjurations
 + Level 6.0 Fire Magic


You had 13 spell levels left.
You knew the following spells:

 Your Spells              Type           Power      Damage    Failure   Level
a - Foxfire               Conj/Fire      100%       2x1d9     1%          1
b - Scorch                Fire           58%        2d8       1%          2
c - Flame Wave            Conj/Fire      30%        3d7       8%          4

Your spell library contained the following spells:

 Spells                   Type           Power      Damage    Failure   Level
 Conjure Flame            Conj/Fire      30%        6-21      2%          3
 Inner Flame              Hex/Fire       17%        N/A       10%         3


Dungeon Overview and Level Annotations

Branches:
Dungeon (6/15)
 Temple: D:4-7

Altars:
Wu Jian

Annotations:
D:5 fly cache?


Innate Abilities, Weirdness & Mutations

You can breathe bolts of dispelling energy.
Your rich purple scales are hard. (AC +6)
You cannot fit into any form of body armour.
You are cold-blooded and may be slowed by cold attacks.


Message History

A two-headed ogre comes into view.
It is wielding a +0 giant club and a +0 giant spiked club.
Casting: Foxfire (safe; 1% risk of failure)
Confirm with . or Enter, or press ? or * to list all spells.
You conjure some foxfire!
Casting: Foxfire (safe; 1% risk of failure)
Confirm with . or Enter, or press ? or * to list all spells.
Flames lash the two-headed ogre.
The two-headed ogre is lightly wounded.
The two-headed ogre's fire resistance burns away.
The foxfire hits the two-headed ogre but does no damage.
The two-headed ogre is lightly wounded.
The foxfire hits the two-headed ogre!
The two-headed ogre is burned terribly!
The two-headed ogre is moderately wounded.
You hit the two-headed ogre but do no damage.
You tail-slap the two-headed ogre, but do no damage.
The two-headed ogre is moderately wounded.
The two-headed ogre hits you with a +0 giant club!!
The two-headed ogre hits you with a +0 giant spiked club!
Unknown command.
Casting: Scorch (safe; 1% risk of failure)
Confirm with . or Enter, or press ? or * to list all spells.
Flames lash the two-headed ogre.
The two-headed ogre is burned terribly!
The two-headed ogre is heavily wounded.
Unknown command.
The two-headed ogre is no longer more vulnerable to fire.
The two-headed ogre misses you.
The two-headed ogre hits you with a +0 giant spiked club!
* * * LOW HITPOINT WARNING * * *
Casting: Scorch (safe; 1% risk of failure)
Confirm with . or Enter, or press ? or * to list all spells.
Flames lash the two-headed ogre.
The two-headed ogre is severely wounded.
The two-headed ogre's fire resistance burns away.
Unknown command.
Casting: Scorch (safe; 1% risk of failure)
Confirm with . or Enter, or press ? or * to list all spells.
Flames lash the two-headed ogre.
The two-headed ogre is burned terribly!
The two-headed ogre is almost dead.
The two-headed ogre hits you with a +0 giant club!
You die...

######### ####.......#
#.O...)....#
##############@#######$.#
#...........##.#
#.#######......#
#.#..<....#.##.#
#.#...#.#.#(##.#
#.#.#...#.#.##.#
#.#.....#.#.##..
#.#.#.#.#.#.####
#.#.#.#.#.#.#


You could see a two-headed ogre (inflammable).

Vanquished Creatures
  Sigmund (D:2)
  2 sky beasts
  An ice beast (D:5)
  An ogre (D:5)
  A phantom (D:4)
  A bullfrog (D:4)
  2 scorpions (D:5)
  A water moccasin zombie (D:5)
  A howler monkey (D:4)
  A centaur zombie (D:6)
  A hound (D:4)
  A gnoll shaman (D:5)
  3 orc priests
  Terence (D:2)
  A scorpion zombie (D:5)
  Jessica (D:2)
  A centaur skeleton (D:5)
  2 orc wizards (D:5)
  2 hound skeletons (D:4)
  8 adders
  3 gnolls
  An adder skeleton (D:4)
  2 adder zombies (D:5)
  2 worms
  2 dart slugs
  9 orcs
  2 ball pythons
  5 bats
  8 endoplasms
  4 giant cockroaches
  5 hobgoblins
  2 jackals (D:1)
  6 kobolds
  3 quokkas
  3 frilled lizards
  7 goblins
  6 rats
103 creatures vanquished.

Vanquished Creatures (others)
  423 foxfires
423 creatures vanquished.

Grand Total: 526 creatures vanquished

Notes
Turn   | Place    | Note
-------+----------+-------------------------------------------
     0 | D:1      | rogsnak the Draconian Fire Elementalist began the quest for
                  | the Orb.
     0 | D:1      | Reached XP level 1. HP: 14/14 MP: 3/3
    26 | D:1      | Found a faded altar of an unknown god.
   374 | D:1      | Reached XP level 2. HP: 20/20 MP: 1/5
  1202 | D:2      | Reached XP level 3. HP: 26/26 MP: 4/6
  1695 | D:2      | Reached XP level 4. HP: 32/33 MP: 3/8
  1818 | D:2      | Noticed Terence
  1839 | D:2      | Killed Terence
  2001 | D:2      | Noticed Jessica
  2011 | D:2      | Killed Jessica
  2067 | D:2      | Noticed Sigmund
  2080 | D:2      | Killed Sigmund
  2081 | D:2      | Reached XP level 5. HP: 38/39 MP: 7/10
  2081 | D:2      | Reached XP level 6. HP: 45/46 MP: 7/11
  3742 | D:4      | Noticed a sky beast
  3747 | D:4      | Killed a sky beast
  3752 | D:4      | Learned a level 2 spell: Scorch
  3757 | D:4      | Learned a level 4 spell: Flame Wave
  3916 | D:4      | Your scales start taking on a rich purple colour.
  3916 | D:4      | Reached XP level 7. HP: 51/51 MP: 5/14
  4398 | D:4      | Reached skill level 5 in Spellcasting
  4398 | D:4      | Reached skill level 5 in Fire Magic
  4550 | D:4      | Reached skill level 5 in Conjurations
  4680 | D:5      | Entered Level 5 of the Dungeon
  4948 | D:5      | Reached skill level 1 in Fighting
  5064 | D:5      | Reached XP level 8. HP: 59/59 MP: 11/16
  5591 | D:5      | Found an ornate altar of the Wu Jian Council.
  6252 | D:6      | Noticed a two-headed ogre
  6263 | D:6      | Slain by a two-headed ogre

Illustrated notes

Levels and vault maps discovered:
D:1:      mainiacjoe_arrival_reflecting_pool, layout_basic,
          hellmonk_ecumenical_altar_run_dry, corexii_corridor_pit,
          hangedman_decor_riveting, minivault_27, minmay_close_crescents
D:2:      layout_loops_ring, uniq_sigmund, uniq_terence, uniq_jessica
D:3:      layout_loops_corners
D:4:      layout_basic, eino_tiny_chamber
D:5:      layout_loops_ring, nicolae_wu_jian_glorious_leap,
          corexii_leaking_fountain, eino_tiny_chamber
D:6:      layout_basic, zin_purify, portal_sewer_entry_c, uniq_maggie,
          uniq_blork_the_orc, uniq_grinder, uniq_prince_ribbit1, uniq_menkaure

Skill      XL: |  1  2  3  4  5  6  7  8 |
---------------+-------------------------+-----
Dodging        | 2 |  2.7
Conjurations   | 2 3 4 6 |  6.6
Fire Magic     | 4 5 6 |  6.0
Spellcasting   | 3 4 5 6 |  6.5
Fighting       | 1 |  1.2
Stealth        | |  1.7

Action                   |  1- 3 |  4- 6 |  7- 9 || total
-------------------------+-------+-------+-------++-------
Melee: Tailslap          |     3 |     3 |     9 ||    15
       Unarmed           |     1 |       |       ||     1
       Dagger            |    18 |    31 |    33 ||    82
 Cast: Foxfire           |    65 |    89 |   106 ||   260
       Scorch            |       |       |     6 ||     6
       Flame Wave        |       |       |     1 ||     1
 Abil: Breathe Dispellin |       |       |     1 ||     1
Armor: Skin              |     9 |     7 |     7 ||    23
Dodge: Dodged            |    24 |    22 |    22 ||    68

Table legend: (Time is in decaauts)
 A = Elapsed time spent in this place.
 B = Non-inter-level travel time spent in this place.
 C = Inter-level travel time spent in this place.
 D = Time resting spent in this place.
 E = Time spent auto-exploring this place.
 F = Levels seen in this place.
 G = Mean time per level.
                   A        B        C        D        E       F      G
               +--------+--------+--------+--------+--------+-----+--------+
         Total |   6261 |   6087 |    174 |    489 |   4685 |   6 | 1043.5 |
       Dungeon |   6261 |   6087 |    174 |    489 |   4685 |   6 | 1043.5 |
               +--------+--------+--------+--------+--------+-----+--------+

Top non-repeatable levels by time:
     D:5: 1475 daAuts
     D:4: 1389 daAuts
     D:2: 1228 daAuts
     D:1: 1182 daAuts
     D:3: 917 daAuts
     D:6: 67 daAuts
